Map: Tropic Shores

Players

THFEU

  • Race: Terran Terran
  • Spawn Location: 12:00

GGdestroyer

  • Race: Terran Terran
  • Spawn Location: 12:00

Dupsiitis

  • Race: Protoss Protoss
  • Spawn Location: 0:00

dibens

  • Race: Protoss Protoss
  • Spawn Location: 11:00

Iluvatar - Winner!

  • Race: Terran Terran
  • Spawn Location: 6:00

Maelthor - Winner!

  • Race: Zerg Zerg
  • Spawn Location: 5:00

athabstract - Winner!

  • Race: Protoss Protoss
  • Spawn Location: 6:00

Erfeyah - Winner!

  • Race: Terran Terran
  • Spawn Location: 5:00

VOD

Have the link to the VOD?

Description

Time

  • Played on: Nov. 23, 2017, 2:02 p.m.
  • Length: 10:04
Show
View Real Time Build Order
Export as new Build Order

THFEU Terran 

Build Orders:  

Get SALT Encoding   

  12  0:04  SCV  
  13  0:33  Supply Depot  
  13  0:39  SCV  
  14  0:46  Refinery  
  14  0:51  SCV  
  15  1:03  SCV  
  16  1:04  Supply Depot  
  16  1:09  Supply Depot  
  16  1:15  SCV  
  16  1:17  Barracks  
  17  1:27  SCV  
  17  1:31  Refinery  
  18  1:57  Engineering Bay  
  18  2:11  Orbital Command  
  18  2:23  Bunker  
  18  2:30  Bunker  
  18  2:35  Bunker  
  18  2:38  Barracks Reactor  
  18  2:49  SCV  
  19  3:01  SCV  
  19  3:03  Barracks  
  20  3:13  Supply Depot  
  20  3:20  Missile Turret  
  20  3:22  Marine x2  
  22  3:40  Marine x2  
  24  3:43  SCV  
  24  3:45  Missile Turret  
  25  3:55  SCV, Barracks Reactor  
  26  3:58  Marine x2  
  28  4:16  Marine  
  29  4:33  Neosteel Frame  
  29  4:43  Command Center  
  29  4:44  Marine  
  29  4:45  Marine  
  31  5:27  SCV  
  32  5:40  Marine x2  
  34  5:43  Marine x2  
  36  5:52  Building Armor  
  36  5:57  Marine  
  36  5:58  Marine  
  36  6:01  Marine x2  
  40  6:15  Marine x2  
  42  6:19  Marine x2  
  44  6:29  SCV  
  45  6:33  Marine x2  
  45  6:36  Marine x2  
  49  6:41  SCV  
  50  6:51  Marine x2  
  50  6:53  SCV  
  53  6:54  Marine x2  
  53  6:58  Refinery  
  55  7:05  SCV  
  56  7:09  Marine x2  
  56  7:12  Marine x2  
  56  7:13  Missile Turret  
  60  7:17  SCV  
  61  7:27  Marine  
  62  7:32  Terran Infantry Weapons Level 1  
  62  7:48  Marine  
  62  7:49  Marine  
  53  8:34  Marine x2  
  53  8:37  Marine x2  
  57  8:52  Marine x2  
  57  8:55  Marine x2  
  61  9:10  Marine  
  61  9:16  Marine x2  
  62  9:23  Marine  
  62  9:28  Marine  
  60  9:34  Marine x2  
Show
View Real Time Build Order
Export as new Build Order

GGdestroyer Terran 

Build Orders:  

Get SALT Encoding   

  12  0:12  Refinery  
  12  0:34  SCV  
  13  0:46  SCV  
  14  1:03  Refinery  
  14  1:10  SCV  
  15  1:34  Supply Depot  
  15  1:43  Supply Depot  
  15  1:56  SCV  
  17  2:08  SCV  
  17  2:14  Barracks  
  17  2:21  Supply Depot  
  17  2:39  SCV  
  18  2:51  SCV  
  19  3:03  SCV  
  20  3:11  Barracks Reactor  
  20  3:23  Supply Depot  
  20  3:59  Command Center  
  20  4:04  SCV  
  21  4:34  Barracks Tech Lab  
  21  4:55  Marauder  
  23  5:17  Marauder  
  25  5:38  Marauder  
  27  5:45  Engineering Bay  
  27  5:49  SCV  
  28  5:59  Marauder  
  28  6:01  SCV  
  31  6:13  SCV  
  32  6:21  Marauder  
  32  6:25  SCV  
  35  6:34  Missile Turret  
  35  6:37  SCV  
  36  6:57  Terran Infantry Weapons Level 1  
  36  7:36  Missile Turret  
  36  7:46  Missile Turret  
  32  8:24  Missile Turret  
  30  8:34  Missile Turret  
  30  8:46  SCV  
  29  8:58  SCV  
  29  9:05  Missile Turret  
  29  9:11  SCV  
  30  9:25  Missile Turret  
Show
View Real Time Build Order
Export as new Build Order

Dupsiitis Protoss 

Build Orders:  

Get SALT Encoding   

  12  0:03  Probe (Chrono Boost)  
  13  0:13  Probe (Chrono Boost)  
  14  0:25  Probe  
  15  0:39  Pylon  
  15  0:57  Probe  
  16  1:01  Gateway  
  16  1:02  Gateway  
  16  1:16  Gateway  
  16  1:21  Pylon  
  16  1:22  Probe  
  17  1:28  Assimilator  
  17  1:35  Probe  
  18  1:44  Pylon  
  18  1:51  Probe (Chrono Boost)  
  20  2:02  Probe (Chrono Boost)  
  20  2:03  Cybernetics Core  
  20  2:07  Forge  
  20  2:10  Zealot  
  20  2:13  Zealot  
  24  2:27  Assimilator  
  24  2:38  Pylon  
  24  2:49  Zealot  
  26  2:52  Sentry  
  26  2:54  Stalker  
  30  3:07  Probe  
  31  3:18  Nexus  
  31  3:30  Stalker  
  33  3:54  Assimilator  
  33  3:56  Probe  
  34  4:08  Probe  
  34  4:09  Assimilator  
  35  4:10  Stalker  
  37  4:33  Pylon  
  37  4:37  Stargate  
  37  4:50  Stargate  
  37  4:56  Probe (Chrono Boost), Pylon  
  39  5:07  Stalker  
  39  5:08  Probe (Chrono Boost), Zealot  
  39  5:09  Zealot  
  39  5:11  Probe  
  46  5:20  Photon Cannon  
  46  5:23  Probe  
  46  5:27  Pylon  
  47  5:34  Twilight Council  
  47  5:35  Probe (Chrono Boost)  
  48  5:47  Probe (Chrono Boost)  
  48  5:49  Probe (Chrono Boost)  
  50  5:56  Fleet Beacon  
  50  6:03  Pylon  
  50  6:12  Photon Cannon  
  50  6:15  Stalker  
  52  6:46  Blink (Chrono Boost)  
  47  6:49  Stalker x2  
  47  6:53  Probe (Chrono Boost)  
  35  7:05  Probe (Chrono Boost)  
  35  7:07  Probe  
  31  7:52  Probe  
  32  8:04  Probe  
  33  8:16  Probe  
  34  8:28  Probe  
Show
View Real Time Build Order
Export as new Build Order

dibens Protoss 

Build Orders:  

Get SALT Encoding   

  12  0:01  Probe  
  13  0:13  Probe  
  14  0:26  Probe (Chrono Boost)  
  15  0:35  Pylon  
  15  0:48  Assimilator  
  15  0:53  Probe  
  16  1:04  Gateway  
  16  1:05  Probe (Chrono Boost)  
  16  1:10  Gateway  
  17  1:18  Probe (Chrono Boost)  
  19  1:27  Probe (Chrono Boost)  
  19  1:32  Probe, Forge  
  20  1:42  Assimilator  
  20  1:44  Probe  
  21  1:56  Probe  
  22  2:02  Pylon  
  22  2:08  Probe  
  23  2:11  Gateway  
  23  2:19  Pylon  
  23  2:20  Zealot  
  25  2:25  Cybernetics Core  
  25  2:29  Zealot  
  27  2:45  Probe  
  28  2:57  Probe  
  29  3:02  Stalker  
  31  3:14  Pylon  
  31  3:24  Nexus  
  31  3:28  Warp Gate (Chrono Boost)  
  31  3:32  Stalker  
  33  3:47  Stalker  
  35  3:51  Stalker  
  37  4:17  Stalker  
  39  4:26  Nexus  
  39  4:57  Probe  
  40  5:06  Pylon  
  40  5:09  Probe, Pylon  
  41  5:21  Probe  
  42  5:35  Pylon  
  42  5:37  Probe  
  42  5:40  Probe  
  44  5:49  Probe  
  45  5:50  Stalker  
  45  5:51  Stalker  
  45  5:52  Probe, Stalker  
  52  6:05  Probe (Chrono Boost)  
  52  6:10  Twilight Council  
  53  6:14  Probe (Chrono Boost)  
  54  6:20  Assimilator  
  54  6:24  Assimilator  
  55  6:26  Probe (Chrono Boost)  
  55  6:29  Probe (Chrono Boost)  
  57  6:38  Probe (Chrono Boost)  
  58  6:40  Probe x2 (Chrono Boost)  
  58  6:43  Probe  
  58  6:44  Stalker x2  
  58  6:45  Stalker  
  66  6:52  Probe  
  67  6:55  Probe  
  68  7:11  Probe  
  60  7:23  Probe  
  60  7:28  Blink  
  54  7:35  Probe  
  42  8:22  Stalker  
Show
View Real Time Build Order
Export as new Build Order

Iluvatar Terran - Winner!

Build Orders: MMM Bio 

Get SALT Encoding   

  12  0:01  SCV  
  13  0:13  SCV  
  14  0:19  Supply Depot  
  14  0:26  SCV  
  15  0:40  SCV  
  16  0:42  Barracks  
  16  0:52  SCV  
  17  1:00  Barracks  
  17  1:04  SCV  
  18  1:17  Supply Depot  
  18  1:23  SCV  
  19  1:27  Refinery  
  19  1:32  Marine  
  20  1:40  Orbital Command  
  20  1:47  Barracks  
  20  1:52  Marine  
  20  1:53  Marine  
  22  2:06  SCV  
  23  2:10  Supply Depot  
  23  2:11  Marine  
  23  2:12  Barracks Tech Lab  
  24  2:27  SCV  
  25  2:33  Refinery  
  25  2:39  SCV  
  25  2:40  Engineering Bay  
  26  2:45  Supply Depot, Marine  
  26  2:46  Marine  
  28  2:51  Barracks Reactor  
  28  2:58  SCV  
  28  3:04  Marine  
  30  3:06  Stimpack  
  30  3:22  SCV  
  30  3:24  Factory  
  31  3:29  Marine x2  
  31  3:31  Marine  
  31  3:32  Marine  
  35  3:37  Supply Depot  
  35  3:47  Marine x2  
  37  3:50  Supply Depot  
  37  3:52  SCV  
  38  3:55  Marine  
  38  3:56  Marine  
  40  4:04  Supply Depot  
  40  4:05  Marine x2  
  40  4:06  SCV  
  43  4:13  Starport  
  43  4:15  Factory Reactor  
  43  4:17  Marine  
  43  4:19  Marine  
  45  4:25  Marine x2  
  47  4:44  Marine x2  
  49  4:51  Missile Turret  
  49  5:06  Factory Tech Lab  
  49  5:12  Marine x2  
  49  5:13  Marine  
  52  5:20  Medivac  
  54  5:26  Medivac  
  56  5:31  Command Center  
  56  5:34  Marine  
  56  5:35  Marine  
  58  5:39  Marine x2  
  60  5:47  Supply Depot  
  60  5:52  Marine x2  
  60  5:57  Marine  
  62  5:58  SCV  
  64  6:12  Medivac x2  
  64  6:14  Marine  
  64  6:16  Marine  
  64  6:17  Marine  
  71  6:18  Marine  
  72  6:32  Marine  
  73  6:33  Terran Infantry Weapons Level 1  
  73  6:34  Marine  
  74  6:40  Armory  
  74  6:41  Marine x2  
  74  6:43  Medivac  
  74  6:46  Medivac  
  80  6:50  SCV  
  80  6:51  SCV  
  82  7:02  SCV, Marine  
  82  7:03  Marine x3  
  87  7:12  Medivac  
  89  7:15  Supply Depot  
  89  7:16  Medivac  
  91  7:37  Marine x3  
  91  7:38  Marine  
  91  7:42  Medivac  
  97  7:46  Medivac  
  97  7:48  Barracks  
  99  7:55  Marine x3  
  102  8:00  Combat Shields  
  102  8:07  Marine  
  102  8:12  SCV, Supply Depot  
  104  8:40  Marine  
  104  8:41  Marine x4  
  106  8:42  SCV x2  
  111  8:54  SCV  
  112  8:58  Marine  
  112  8:59  Marine  
Show
View Real Time Build Order
Export as new Build Order

Maelthor Zerg - Winner!

Build Orders: Hatch First 

Get SALT Encoding   

  12  0:01  Drone  
  13  0:08  Drone  
  14  0:20  Overlord  
  14  0:38  Drone  
  14  0:39  Drone x2  
  17  0:57  Drone  
  17  0:59  Hatchery  
  17  1:02  Drone  
  18  1:11  Drone  
  19  1:18  Spawning Pool  
  19  1:25  Drone  
  19  1:32  Overlord  
  19  1:43  Drone  
  19  1:46  Extractor  
  19  1:47  Extractor  
  18  1:55  Drone, Extractor  
  18  2:00  Extractor  
  17  2:16  Drone x3  
  17  2:17  Queen x2  
  24  2:28  Drone x2  
  26  2:34  Drone  
  27  2:43  Drone x2  
  29  2:54  Lair  
  29  2:58  Drone x2  
  29  2:59  Drone  
  32  3:13  Drone x2  
  32  3:19  Drone  
  35  3:30  Drone  
  35  3:31  Overlord  
  35  3:32  Overlord  
  36  3:40  Overlord x2  
  36  3:54  Drone  
  36  3:55  Drone x3  
  40  4:05  Drone x3  
  43  4:27  Spire  
  43  4:28  Drone x5  
  43  4:29  Drone  
  48  4:34  Overlord  
  48  4:35  Overlord  
  48  4:39  Overlord x2  
  48  5:15  Queen  
  50  5:28  Metabolic Boost, Evolution Chamber  
  49  5:42  Mutalisk  
  49  5:43  Mutalisk x11  
  73  5:56  Zerg Flyer Weapons Level 1  
  73  5:58  Overlord x6  
  73  6:06  Mutalisk  
  75  6:19  Mutalisk x2  
  75  6:22  Hatchery  
  78  6:34  Mutalisk  
  78  6:48  Mutalisk x2  
  82  6:57  Mutalisk  
  84  7:11  Mutalisk  
  86  7:24  Mutalisk x2  
  90  7:38  Mutalisk  
  92  7:49  Drone x5  
  95  7:57  Mutalisk x2  
  97  8:01  Extractor  
  97  8:02  Mutalisk  
  97  8:03  Extractor  
  97  8:42  Mutalisk x2  
  97  8:43  Mutalisk  
  97  8:47  Drone x3  
  96  9:02  Mutalisk x2  
  82  9:17  Mutalisk  
  82  9:18  Mutalisk x2  
  82  9:20  Zergling x2  
  82  9:21  Zergling x8  
Show
View Real Time Build Order
Export as new Build Order

athabstract Protoss - Winner!

Build Orders:  

Get SALT Encoding   

  12  0:02  Probe  
  13  0:14  Probe  
  14  0:19  Pylon  
  14  0:26  Probe  
  15  0:36  Assimilator  
  15  0:38  Probe  
  16  0:50  Gateway  
  16  0:56  Probe (Chrono Boost), Pylon  
  18  1:08  Probe (Chrono Boost)  
  18  1:10  Probe  
  19  1:23  Probe (Chrono Boost)  
  19  1:24  Assimilator  
  21  1:34  Probe (Chrono Boost)  
  21  1:37  Probe, Zealot  
  24  1:49  Probe  
  25  2:03  Gateway  
  25  2:05  Cybernetics Core  
  25  2:38  Nexus  
  25  2:41  Assimilator  
  25  2:44  Pylon, Stalker  
  27  2:59  Probe  
  28  3:11  Probe, Stalker  
  31  3:13  Warp Gate  
  31  3:14  Stalker  
  33  3:23  Probe  
  34  3:30  Pylon  
  34  3:33  Pylon  
  34  3:35  Probe  
  35  3:50  Robotics Facility  
  35  3:51  Stalker  
  37  4:01  Stalker  
  39  4:09  Probe (Chrono Boost)  
  41  4:12  Probe (Chrono Boost)  
  42  4:20  Probe x2 (Chrono Boost)  
  42  4:23  Probe  
  44  4:31  Stalker  
  44  4:33  Stalker  
  44  4:37  Observer  
  49  4:42  Probe (Chrono Boost)  
  51  4:51  Probe (Chrono Boost)  
  51  4:52  Assimilator  
  52  4:54  Probe x2 (Chrono Boost)  
  53  5:01  Stalker  
  53  5:05  Probe (Chrono Boost)  
  56  5:08  Probe, Gateway  
  56  5:09  Gateway  
  57  5:20  Probe  
  62  5:35  Immortal  
  62  5:52  Stalker  
  62  5:55  Stalker  
  66  5:57  Probe  
  67  6:09  Probe  
  68  6:15  Observer  
  69  6:21  Probe, Forge  
  69  6:23  Twilight Council  
  70  6:31  Pylon  
  70  6:33  Pylon  
  70  6:47  Robotics Bay  
  70  6:54  Gateway  
  70  6:55  Gateway  
  70  6:57  Gateway  
  70  6:59  Gateway  
  70  7:03  Stalker  
  70  7:04  Stalker x3  
  78  7:09  Blink  
  78  7:11  Protoss Ground Armor Level 1  
  78  7:34  Pylon  
  78  7:36  Pylon  
  78  7:56  Nexus  
  78  7:58  Assimilator  
  78  8:04  Extended Thermal Lance, Assimilator  
  78  8:05  Robotics Facility  
  78  8:06  Pylon  
  78  8:07  Robotics Facility  
  78  8:09  Pylon  
  78  8:12  Colossus  
  84  8:21  Stalker x2  
  84  8:22  Stalker x2  
  84  8:25  Stalker  
  94  8:27  Stalker  
  96  8:47  Probe x2  
  98  8:54  Stalker x2  
  98  8:55  Stalker  
  104  8:59  Probe x2  
  106  9:11  Probe x2  
  108  9:23  Probe  
  109  9:25  Probe x2  
  111  9:35  Probe  
  111  9:37  Pylon  
  118  9:39  Pylon  
  118  9:41  Pylon  
Show
View Real Time Build Order
Export as new Build Order

Erfeyah Terran - Winner!

Build Orders:  

Get SALT Encoding   

  12  0:02  SCV  
  13  0:37  SCV  
  13  0:39  Supply Depot  
  14  0:47  Refinery  
  14  0:49  SCV  
  15  1:01  SCV  
  16  1:15  Barracks  
  16  1:18  SCV  
  17  1:30  SCV  
  18  1:47  Supply Depot  
  18  2:00  SCV  
  19  2:12  SCV  
  20  2:21  Factory  
  20  2:35  SCV  
  21  2:47  SCV  
  22  2:59  SCV  
  23  3:18  Supply Depot  
  23  3:47  Marine  
  24  3:54  Command Center  
  24  4:05  Barracks  
  24  4:10  SCV  
  25  4:22  SCV  
  25  4:23  Factory Tech Lab  
  26  4:34  SCV  
  27  4:47  SCV  
  27  4:51  Starport  
  28  4:55  Marine x2  
  30  5:12  Marine  
  30  5:13  Marine  
  32  5:20  SCV  
  33  5:27  SCV  
  34  5:32  SCV  
  35  5:39  SCV  
  36  5:44  SCV  
  36  5:48  Medivac  
  39  6:18  Medivac  
  41  6:41  SCV  
  41  6:42  SCV  
  43  6:48  Medivac  
  45  7:18  Medivac  
  45  7:22  SCV  
  48  7:23  SCV  
  48  7:26  Marine x2  
  51  7:34  SCV  
  51  7:35  SCV  
  53  7:44  Marine, Refinery  
  54  8:06  Supply Depot  
  54  8:28  Medivac, Marine x2  
  54  8:29  Supply Depot  
  58  8:45  Marine x2  
  60  8:53  Supply Depot  
  60  8:58  Medivac  
  62  9:03  Marine  
  62  9:04  Reaper  
  64  9:16  Supply Depot  
  64  9:21  Reaper  
  64  9:22  SCV  
  66  9:28  Medivac  
  68  9:35  Marine  
  69  9:39  Supply Depot  
  69  9:44  Command Center  
  69  10:01  Supply Depot  
Tags
 
Add a new tag
Caveats
  • Supply blocks, unpowered buildings, or Contaminate may cause inaccurate times.
  • Supply counts are checked every 10 seconds.